 Dungeon Crawl Stone Soup version 0.22-b1-26-g9dbaab1 (webtiles) character file.

523042 dorian the Impregnable (level 27, -10/224 HPs)
             Began as a Formicid Abyssal Knight on Aug 6, 2018.
             Was the Champion of Lugonu.
             Mangled by a caustic shrike (24 damage)
             ... on level 4 of the Depths on Aug 8, 2018.
             The game lasted 04:55:13 (72675 turns).

dorian the Impregnable (Formicid Abyssal Knight)   Turns: 72675, Time: 04:55:14

Health: -10/224    AC: 11    Str: 29    XL:     27
Magic:  32/32      EV: 19    Int: 16    God:    Lugonu [******]
Gold:   2408       SH: 26    Dex: 10    Spells: 26/26 levels left

rFire    + . .     SeeInvis +   W - +9 triple sword (flame)
rCold    + . .     Gourm    .   z - +0 large shield
rNeg     + . .     Faith    .   L - +3 plate armour {rF+}
rPois    +         Spirit   .   (helmet unavailable)
rElec    .         Reflect  +   J - +0 cloak of Valiance {rPois rN+ Str+3} (curse)
rCorr    .         Harm     .   g - +1 pair of gloves
MR       ++...                  j - +1 pair of boots
Stlth    ..........             I - +5 amulet of reflection
HPRegen  0.47/turn              F - ring of protection from cold
MPRegen  0.23/turn              U - +4 ring of evasion

@: corroded
A: permanent stasis, dig shafts and tunnels, four strong arms, antennae 3,
blurry vision 1
}: 2/15 runes: decaying, serpentine
a: Dig, Shaft Self, Depart the Abyss, Bend Space, Banish, Corrupt, Enter the
Abyss, Brand Weapon With Distortion, Renounce Religion


You were on level 4 of the Depths.
You worshipped Lugonu.
Lugonu was exalted by your worship.
You were not hungry.

You visited 9 branches of the dungeon, and saw 44 of its levels.
You visited the Abyss 4 times.
You also visited: Labyrinth, Ossuary and Volcano.

You collected 6102 gold pieces.
You spent 3694 gold pieces at shops.

Inventory:

Hand Weapons
 t - a +1 eudemon blade of holy wrath
 W - a +9 triple sword of flaming (weapon)
Missiles
 v - 48 tomahawks (quivered)
Armour
 g - a +1 pair of gloves (worn)
 j - a +1 pair of boots (worn)
 z - a +0 large shield (worn)
 J - the cursed +0 cloak of Valiance (worn) {rPois rN+ Str+3}
   (You found it on level 2 of the Abyss)

   It affects your strength (+3).
   It protects you from poison.
   It protects you from negative energy.
   It has a curse placed upon it.
 L - a +3 plate armour of fire resistance (worn)
Jewellery
 u - an uncursed ring of positive energy
 F - a ring of protection from cold (left hand)
 H - an uncursed ring of protection from fire
 I - a +5 amulet of reflection (around neck)
 K - the ring of Iruretud {rF- MR++ EV+4}
   (You found it on level 4 of the Lair of Beasts)

   [ring of evasion]

   It affects your evasion (+4).
   It makes you vulnerable to fire.
   It affects your resistance to hostile enchantments.
 N - a +5 ring of protection
 O - the ring "Mazxivo" {*Slow rElec MP+9 Stlth+}
   (You took it off Azrael on level 12 of the Dungeon)

   [ring of stealth]

   It insulates you from electricity.
   It affects your magic capacity (+9).
   It may slow you when you take damage.
   It makes you more stealthy.
 U - a +4 ring of evasion (right hand)
Wands
 n - a wand of acid (13)
 s - a wand of iceblast (18)
 D - a wand of digging (63)
 M - a wand of disintegration (38)
 Q - a wand of paralysis (41)
Scrolls
 f - 9 scrolls of fear
 h - 3 scrolls of enchant weapon
 k - 11 scrolls of identify
 m - 12 scrolls of immolation
 o - 6 scrolls of fog
 r - 19 scrolls of remove curse
 w - 8 scrolls of enchant armour
 x - 5 scrolls of magic mapping
 y - 2 scrolls of holy word
Potions
 a - a potion of resistance
 e - 2 potions of mutation
 i - 23 potions of curing
 p - 3 potions of flight
 q - 6 potions of magic
 B - 3 potions of ambrosia
 C - 5 potions of cancellation
 E - 11 potions of heal wounds
 G - 2 potions of invisibility
 V - 4 potions of agility
 Y - 5 potions of might
Miscellaneous
 b - 2 sacks of spiders
 l - a fan of gales (inert)
 R - a phantom mirror
 S - a lightning rod (4/4)
 T - 5 boxes of beasts
 X - a lamp of fire
 Z - a phial of floods
Comestibles
 c - 57 rations
 d - 10 chunks of flesh


   Skills:
 + Level 20.2 Fighting
 + Level 21.5 Long Blades
 - Level 1.4 Throwing
 + Level 23.0 Armour
 + Level 16.3 Dodging
 - Level 0.1 Stealth
 - Level 15.0 Shields
 - Level 12.0 Invocations
 - Level 10.0 Evocations


You had 26 spell levels left.
You didn't know any spells.
Your spell library contained the following spells:

 Spells                   Type           Power        Failure   Level  Hunger
 Cause Fear               Hex            #.........   100%        4    #####..
 Fireball                 Conj/Fire      #.........   100%        5    ######.
 Conjure Flame            Conj/Fire      #.......     95%         3    ####...
 Lightning Bolt           Conj/Air       #.........   100%        5    ######.
 Bolt of Magma            Conj/Fire/Erth #.........   100%        5    ######.
 Slow                     Hex            #.......     80%         2    ###....
 Confuse                  Hex            #.......     95%         3    ####...
 Throw Flame              Conj/Fire      #.....       80%         2    ###....
 Throw Frost              Conj/Ice       #.....       80%         2    ###....
 Venom Bolt               Conj/Pois      #.........   100%        5    ######.
 Lehudib's Crystal Spear  Conj/Erth      #.........   100%        8    #######
 Fire Storm               Conj/Fire      #.........   100%        9    #######
 Animate Dead             Necr           N/A          100%        4    #####..
 Pain                     Necr           #...         65%         1    ##.....
 Animate Skeleton         Necr           N/A          65%         1    ##.....
 Vampiric Draining        Necr           #.........   95%         3    ####...
 Freeze                   Ice            #...         65%         1    ##.....
 Sticky Flame             Conj/Fire      #.......     100%        4    #####..
 Summon Ice Beast         Ice/Summ       #.......     100%        4    #####..
 Ozocubu's Armour         Chrm/Ice       #.......     95%         3    ####...
 Poison Arrow             Conj/Pois      #.........   100%        6    #######
 Regeneration             Chrm/Necr      #.........   95%         3    ####...
 Sting                    Conj/Pois      #...         65%         1    ##.....
 Corpse Rot               Necr           N/A          80%         2    ###....
 Iron Shot                Conj/Erth      #.........   100%        6    #######
 Stone Arrow              Conj/Erth      #.....       95%         3    ####...
 Shock                    Conj/Air       #...         65%         1    ##.....
 Swiftness                Chrm/Air       #.......     80%         2    ###....
 Spider Form              Tmut/Pois      #.........   95%         3    ####...
 Blade Hands              Tmut           #.........   100%        5    ######.
 Ice Form                 Ice/Tmut       #.......     100%        4    #####..
 Throw Icicle             Conj/Ice       #.......     100%        4    #####..
 Glaciate                 Conj/Ice       #.........   100%        9    #######
 Airstrike                Air            #.........   100%        4    #####..
 Confusing Touch          Hex            #.....       65%         1    ##.....
 Flame Tongue             Conj/Fire      #....        65%         1    ##.....
 Sticks to Snakes         Tmut           #.......     80%         2    ###....
 Metabolic Englaciation   Hex/Ice        #.........   100%        5    ######.
 Shatter                  Erth           #.........   100%        9    #######
 Static Discharge         Conj/Air       #.......     95%         3    ####...
 Corona                   Hex            #......      65%         1    ##.....
 Chain Lightning          Conj/Air       #.........   100%        8    #######
 Portal Projectile        Hex/Tloc       #.....       95%         3    ####...
 Petrify                  Tmut/Erth      #.......     100%        4    #####..
 Orb of Destruction       Conj           #.........   100%        7    #######
 Tornado                  Air            #.........   100%        9    #######
 Leda's Liquefaction      Hex/Erth       #.........   100%        4    #####..
 Summon Hydra             Summ           #.........   100%        7    #######
 Inner Flame              Hex/Fire       #.......     95%         3    ####...
 Beastly Appendage        Tmut           #.....       65%         1    ##.....
 Iskenderun's Battlesphe  Conj/Chrm      #.......     100%        5    ######.
 Dazzling Spray           Conj/Hex       #.....       95%         3    ####...
 Summon Forest            Summ/Tloc      #.........   100%        5    ######.
 Spellforged Servitor     Conj/Summ      #.........   100%        7    #######
 Hydra Form               Tmut           #.........   100%        6    #######
 Gell's Gravitas          Tloc           #.........   95%         3    ####...
 Yara's Violent Unravell  Hex/Tmut       #.........   100%        5    ######.
 Poisonous Vapours        Pois/Air       #.....       80%         2    ###....
 Ignition                 Fire           #.........   100%        8    #######


Dungeon Overview and Level Annotations

Branches:
Dungeon (15/15)            Temple (1/1) D:6            Lair (6/6) D:10
  Swamp (4/4) Lair:4        Snake (4/4) Lair:4        Slime (0/5) Lair:5
    Orc (2/2) D:12            Elf (3/3) Orc:2        Vaults (4/5) D:14
  Crypt (0/3) Vaults:3     Depths (5/5) D:15
    Zot: Depths:5

Altars:
Ashenzari
Fedhas
Hepliaklqana
Kikubaaqudgha
Nemelex Xobeh
Okawaru
Sif Muna
Vehumet
Xom
Yredelemnul
Zin
The Shining One
Beogh

Shops:
D:9 :*   Orc:1 *   Orc:2 **[(   Elf:2 *   Snake:2 %(}=}(!*   Vaults:2 }}}%[

Portals:
Hell: Depths:1 Depths:2 Depths:3 Depths:4 Depths:5
Abyss: Depths:3 Depths:4
Pandemonium: Depths:3 Depths:4
Ziggurat: Depths:3
Trove: Vaults:1 (give +3 gold dragon scales)

Annotations:
D:10 1 runed door
Lair:1 exclusion: oklob plant
Swamp:1 3 runed doors, Fillatzu's ghost, journeyman TrMo
Orc:2 corrupted


Innate Abilities, Weirdness & Mutations

You cannot be hasted, slowed, berserked, paralysed or teleported.
You can dig through walls and to a lower floor.
Your four strong arms can wield two-handed weapons with a shield.
You have a pair of large antennae on your head. (SInv)
Scrolls take you a little longer to read.


Message History

The floating eye seems to glare at you. The caustic shrike closely misses you.
You block the caustic shrike's attack.
The caustic shrike claws you but does no damage.
Your juvenile firesting beast barely misses the caustic shrike.
Your juvenile firesting beast misses the caustic shrike.
Your soldier ant stings the caustic shrike.
The caustic shrike is poisoned.
Your soldier ant poisons the caustic shrike!
You feel much better.
You block the caustic shrike's attack. x2
The caustic shrike claws you!
* * * LOW HITPOINT WARNING * * *
The acid corrodes you!
You are splashed with acid!
The acid burns!
* * * LOW HITPOINT WARNING * * *
You block the caustic shrike's attack.
Your redback misses the caustic shrike. The caustic shrike claws you!!
* * * LOW HITPOINT WARNING * * *
The acid corrodes you!
You are splashed with acid!
The acid burns!
* * * LOW HITPOINT WARNING * * *
The caustic shrike claws you!!
You die...

)........(.......................
..#........(................∩....
###............................).
.................................
.........................##......
###.#####........................
..#.#...##........#..........##.#
.........#....##abH.........#####
##...##..#......@bG.....#######
##...##..#.....b.b............###
........##.......s.........###.#.
...∩.......................# ##)#
........##.................# ###
##...##..#...............###
##...##..#................####
.........#...................#
..#.#...##...................#


You could see 4 caustic shrikes, a floating eye, a friendly juvenile firesting
beast, a friendly soldier ant and a friendly redback.

Vanquished Creatures
  Mennas (Depths:3)
  Boris (Vaults:2)
  Frederick (Vaults:2)
  Xtahua (Vaults:2)
  A golden dragon (Depths:5)
  the Enchantress (Depths:3)
  A bone dragon (Depths:5)
  2 liches (Depths:4)
  A tentacled monstrosity (Vaults:2)
  Asterion (Snake:2)
  3 deep elf blademasters
  A deep elf master archer (Elf:3)
  A quicksilver dragon (Depths:2)
  Kirke (Lair:4)
  A sphinx (Vaults:3)
  4 tengu reavers
  2 thorn hunters (Swamp:4)
  A storm dragon (Depths:5)
  A shadow dragon (Depths:5)
  8 fire giants
  6 nagarajas (Snake:4)
  10 frost giants
  A balrug (Depths:1)
  2 orc warlords
  8 deep elf sorcerers
  12 vault wardens
  Louise (D:14)
  A draconian scorcher (Depths:5)
  A draconian shifter (Depths:5)
  A juggernaut zombie (Depths:4)
  4 spriggan defenders (Depths:3)
  4 deep elf elementalists (Elf:3)
  13 stone giants
  8 ironheart preservers
  2 reapers
  13 very ugly things
  2 vampire knights
  An entropy weaver (Vaults:3)
  5 deep elf demonologists
  Azrael (D:12)
  A black draconian (Depths:5)
  13 deep elf annihilators
  A white draconian (Depths:5)
  2 spark wasps (Depths:3)
  A minotaur (Lab)
  A red draconian (Depths:5)
  A crystal guardian (Vaults:4)
  Josephine (Lair:4)
  10 ettins
  4 deep elf death magi
  7 fire dragons
  11 jiangshi
  12 ogre magi
  5 rakshasas
  6 great orbs of eyes
  9 deep elf high priests
  16 naga warriors
  13 yaktaur captains
  A quicksilver dragon skeleton (Depths:4)
  6 ice dragons
  A ghost crab (Swamp:3)
  24 hydras
  3 spriggan air magi
  11 vault guards
  A catoblepas (D:15)
  A merfolk avatar (Lair:6)
  12 centaur warriors
  51 two-headed ogres
  11 anacondas
  9 tengu warriors
  22 dancing weapons
  3 death yaks (Lair:2)
  11 alligators
  An alligator (shapeshifter) (Depths:1)
  11 deep troll shamans
  A titan zombie (Vaults:4)
  14 naga sharpshooters
  8 spriggan berserkers
  2 storm dragon zombies
  A thrashing horror (Abyss:2)
  5 orc high priests
  3 vampire magi
  13 deep troll earth magi
  2 shadow wraiths
  6 shock serpents
  A small abomination (Elf:3)
  11 hell knights
  2 sun demons (Depths:1)
  3 titan skeletons (Depths:4)
  6 iron trolls
  2 spark wasp zombies (Depths:4)
  23 deep elf knights
  5 skeletal warriors
  A gelid demonspawn (Depths:3)
  An unseen horror (shapeshifter) (Depths:2)
  7 naga ritualists
  2 shambling mangroves (Swamp:3)
  A shadow dragon zombie (Depths:1)
  3 glowing orange brains
  6 wizards
  34 deep trolls
  A golden dragon zombie (Depths:4)
  3 flayed ghosts
  3 golden dragon skeletons (Depths:4)
  4 unseen horrors
  An orange crystal statue (D:13)
  20 deep elf archers
  13 ironbrand convokers
  31 orc knights
  4 lindwurms
  10 swamp dragons
  4 harpies
  8 necromancers
  An iron dragon zombie (Depths:4)
  An orb spider (shapeshifter) (Depths:1)
  Pikel (D:7)
  12 mana vipers
  2 wolf spider zombies
  5 wolf spiders
  2 fire giant zombies (Depths:4)
  An oklob plant (Lair:3)
  29 ugly things
  5 fauns (Depths:3)
  A tengu skeleton (Vaults:4)
  3 orc sorcerers
  71 deep elf magi
  2 sphinx skeletons (Depths:4)
  Maurice (Orc:2)
  7 salamanders
  4 cyclopes
  5 vault sentinels
  A spriggan zombie (Depths:1)
  43 black mambas
  A rust devil (Depths:3)
  3 guardian serpents
  A frost giant skeleton (Depths:4)
  An ice statue (D:13)
  A fire giant skeleton (Depths:4)
  A water nymph (shapeshifter) (Vaults:2)
  2 molten gargoyles (Volcano)
  14 elephants (Lair:6)
  An eye of devastation (shapeshifter) (Vaults:3)
  15 naga magi
  7 gargoyles
  2 kobold demonologists
  14 spiny frogs
  A storm dragon simulacrum (Vaults:3)
  An orange demon (Abyss:2)
  2 elf skeletons (Depths:4)
  2 efreet
  A redback zombie (D:15)
  53 yaktaurs
  9 komodo dragons
  7 freezing wraiths
  A spriggan skeleton (Depths:1)
  11 tengu conjurers
  An ice devil (Depths:4)
  2 queen bees (shapeshifter)
  2 hellwings (Depths:3)
  A red devil (Depths:4)
  18 hornets
  A meliai (shapeshifter) (Vaults:4)
  A queen bee (Lair:3)
  A jumping spider (shapeshifter) (Vaults:2)
  8 trolls
  3 wind drakes (Lair:6)
  A wind drake (shapeshifter) (Depths:3)
  A polar bear (shapeshifter) (Vaults:2)
  5 polar bears
  11 tyrant leeches
  44 slime creatures
  10 blink frogs
  3 raiju (Abyss:2)
  8 hippogriffs
  4 bog bodies
  4 flying skulls (Depths:4)
  5 air elementals
  A frost giant simulacrum (Depths:1)
  A hippogriff (shapeshifter) (D:15)
  A meliai zombie (D:14)
  11 spriggans
  3 vampires
  A ynoxinul (Depths:4)
  Sigmund (D:4)
  3 water elementals
  5 redbacks
  3 shadows
  6 wyverns
  2 elf zombies (Depths:4)
  7 fire elementals
  A basilisk (D:13)
  7 fire bats (Volcano)
  7 wraiths
  A fire bat (shapeshifter) (Vaults:3)
  4 hogs
  44 yaks
  A human (D:9)
  A chaos spawn (Depths:4)
  A hog (shapeshifter) (Vaults:2)
  A hungry ghost (D:15)
  4 vampire mosquitoes
  A yaktaur simulacrum (Depths:1)
  13 swamp worms
  A human zombie (Depths:4)
  51 nagas
  25 insubstantial wisps
  A naga (shapeshifter) (Vaults:4)
  12 wargs
  A soldier ant (D:14)
  6 hell hounds
  11 water moccasins
  13 porcupines
  Duvessa (D:7)
  A floating eye (Depths:3)
  6 swamp drakes
  83 orc warriors
  4 sky beasts
  3 ice beasts
  2 slaves (D:7)
  2 phantoms
  An eye of draining (D:14)
  9 wolves
  An ettin simulacrum (Depths:1)
  11 centaurs
  17 boggarts
  33 ogres
  13 crocodiles
  19 bullfrogs
  23 big kobolds
  A glowing shapeshifter simulacrum (Vaults:1)
  2 wyvern zombies
  Dowan (D:7)
  A tengu simulacrum (Depths:1)
  3 earth elementals
  3 scorpions
  26 killer bees (Lair:3)
  7 wights
  A howler monkey (D:5)
  An electric eel (Lair:6)
  6 crimson imps
  8 centaur zombies
  8 hounds
  5 lava snakes (Volcano)
  4 quasits
  2 bullfrog zombies
  32 orc priests
  7 jellies
  11 centaur skeletons
  7 iguanas
  41 orc wizards
  11 worker ants
  3 hell rats (Lair:6)
  2 hound zombies
  12 mummies (Ossuary)
  A worker ant zombie (D:5)
  Robin (D:3)
  4 gnolls
  9 adders
  5 shadow imps
  4 oozes
  3 worms
  4 dart slugs
  10 leopard geckos
  166 orcs
  6 giant cockroaches
  9 goblins
  8 hobgoblins
  15 jackals
  30 kobolds
  3 quokkas
  2 ball pythons
  6 bats
  2 frilled lizards
  3 gnoll skeletons (Ossuary)
  2 goblin skeletons (Ossuary)
  A goblin zombie (D:5)
  A kobold skeleton (Ossuary)
  A leopard gecko skeleton (D:5)
  2 orc skeletons (Ossuary)
  A quokka zombie (D:9)
  11 rats
  11 rat skeletons (Ossuary)
  A rat zombie (D:5)
  A fungus (Lair:3)
  A plant (Lair:4)
2180 creatures vanquished.

Vanquished Creatures (collateral kills)
  Mara (Vaults:2)
  An entropy weaver (Vaults:4)
  A vault guard (Vaults:4)
  A freezing wraith (Vaults:4)
4 creatures vanquished.

Vanquished Creatures (others)
  Saint Roka (Orc:2)
  Vashnia (Snake:3)
  2 deep elf master archers (Elf:3)
  An orc warlord (Orc:1)
  A stone giant (Volcano)
  A jiangshi (Depths:1)
  A yaktaur captain (Depths:2)
  4 centaur warriors
  2 naga sharpshooters
  An ogre mage (Vaults:1)
  5 deep elf archers
  A necromancer (Depths:1)
  An orc sorcerer (Orc:2)
  2 cyclopes
  A deep elf mage (Vaults:1)
  A rime drake (Lair:6)
  12 yaktaurs
  A tengu conjurer (D:15)
  2 trolls
  A wyvern (D:13)
  A human (Lair:4)
  2 vampire mosquitoes (Swamp:4)
  An insubstantial wisp (Swamp:3)
  A warg (Orc:2)
  2 water moccasins (Lair:6)
  An acid dragon (D:5)
  An ice beast (D:5)
  6 orc warriors (Orc:2)
  2 slaves (D:7)
  4 centaurs
  A scorpion (D:7)
  5 orc priests
  An orc wizard (Orc:2)
  A worker ant (D:7)
  An iguana (D:7)
  2 hell rats (Lair:6)
  4 orcs (Orc:2)
  2 bushes (Lair:4)
  14 fungi
  23 plants
  2 starspawn tentacles (Orc:2)
119 creatures vanquished.

Grand Total: 2303 creatures vanquished

Notes
Turn   | Place    | Note
-------+----------+-------------------------------------------
     0 | Abyss:1  | dorian the Formicid Abyssal Knight began the quest for the Orb.
     0 | Abyss:1  | Reached XP level 1. HP: 18/18 MP: 2/2
    32 | D:1      | Escaped the Abyss
    78 | D:1      | Reached XP level 2. HP: 24/24 MP: 3/3
    87 | D:1      | Reached * piety under Lugonu
   181 | D:1      | Reached XP level 3. HP: 6/30 MP: 4/4
  1279 | D:1      | Reached XP level 4. HP: 37/37 MP: 5/5
  1305 | D:2      | Reached skill level 3 in Armour
  1791 | D:2      | Found a glowing golden altar of the Shining One.
  2064 | D:3      | Found a hazy altar of Hepliaklqana.
  2349 | D:3      | Reached XP level 5. HP: 22/43 MP: 6/6
  2613 | D:3      | Reached ** piety under Lugonu
  2628 | D:3      | Noticed an orc warrior
  2699 | D:3      | Found an ancient bone altar of Kikubaaqudgha.
  2845 | D:3      | Noticed Robin
  2861 | D:3      | Killed Robin
  2888 | D:3      | Reached skill level 1 in Throwing
  2888 | D:3      | Reached XP level 6. HP: 49/49 MP: 7/7
  2902 | D:3      | Killed an orc warrior
  3306 | D:3      | Reached skill level 4 in Armour
  3490 | D:4      | Reached XP level 7. HP: 50/55 MP: 7/9
  3940 | D:4      | Reached skill level 5 in Long Blades
  4376 | D:4      | Noticed Sigmund
  4380 | D:4      | Killed Sigmund
  4380 | D:4      | Reached *** piety under Lugonu
  4380 | D:4      | Reached skill level 5 in Armour
  4380 | D:4      | Reached XP level 8. HP: 51/61 MP: 11/11
  4981 | D:5      | Entered Level 5 of the Dungeon
  4994 | D:5      | Reached skill level 5 in Invocations
  5152 | D:5      | Found a sand-covered staircase.
  5159 | Ossuary  | Entered an ossuary
  5536 | Ossuary  | Reached **** piety under Lugonu
  6577 | D:5      | Reached XP level 9. HP: 10/67 MP: 15/15
  6913 | D:5      | Found an iron altar of Okawaru.
  6965 | D:5      | Got a distressingly furry ring mail
  6976 | D:5      | Identified the +1 ring mail of Beogh's Vengeance {rElec Str+2 Int-3} (You found it on level 5 of the Dungeon)
  7142 | D:6      | Noticed a troll
  7143 | D:6      | Banished a troll
  7599 | D:6      | Reached skill level 10 in Invocations
  7658 | D:6      | Found a staircase to the Ecumenical Temple.
  7666 | Temple   | Entered the Ecumenical Temple
  8232 | D:7      | Found a shimmering altar of Xom.
  8256 | D:7      | Reached skill level 5 in Fighting
  8987 | D:7      | Noticed Pikel
  9008 | D:7      | Killed Pikel
  9008 | D:7      | Reached skill level 6 in Armour
  9031 | D:7      | Found a radiant altar of Vehumet.
  9050 | D:7      | Found a basalt altar of Yredelemnul.
  9140 | D:7      | Got a warped cloak
  9146 | D:7      | Identified the +0 cloak "Rapnunk" {*Contam MP+9 Int+4 Slay+2} (You found it on level 7 of the Dungeon)
  9245 | D:7      | Found a shimmering altar of Xom.
  9314 | D:7      | Found a glowing silver altar of Zin.
  9369 | D:7      | Noticed Duvessa
  9369 | D:7      | Noticed Dowan
  9378 | D:7      | Killed Duvessa
  9382 | D:7      | Killed Dowan
  9382 | D:7      | Reached XP level 10. HP: 55/76 MP: 17/17
  9599 | D:8      | Reached skill level 7 in Armour
  9607 | D:8      | Got a translucent buckler
  9613 | D:8      | Identified the +3 buckler of Inquiry {*Slow +Inv MR++ SInv} (You found it on level 8 of the Dungeon)
  9876 | D:8      | Noticed a two-headed ogre
  9889 | D:8      | Killed a two-headed ogre
 10193 | D:8      | Reached skill level 8 in Armour
 10506 | D:8      | Found a deep blue altar of Sif Muna.
 10977 | D:9      | Reached XP level 11. HP: 66/87 MP: 18/18
 11073 | D:9      | Reached skill level 9 in Armour
 11091 | D:9      | Found Baor's Book Shop.
 11240 | D:9      | Reached ***** piety under Lugonu
 11312 | D:9      | Found a deep blue altar of Sif Muna.
 11764 | D:9      | Found Gesum's General Store.
 11772 | D:9      | Bought a potion of heal wounds for 75 gold pieces
 11851 | D:9      | Found a sparkling altar of Nemelex Xobeh.
 11916 | D:10     | Entered Level 10 of the Dungeon
 12042 | D:10     | Noticed a white ugly thing
 12050 | D:10     | Killed a white ugly thing
 12050 | D:10     | Reached skill level 1 in Shields
 12071 | D:10     | Found a glowing golden altar of the Shining One.
 12071 | D:10     | Found a runed door.
 12071 | D:10     | Noticed an angel
 12142 | D:10     | Reached skill level 10 in Armour
 12613 | D:10     | Found a staircase to the Lair.
 12954 | D:10     | Reached skill level 10 in Long Blades
 12970 | D:10     | Reached XP level 12. HP: 95/95 MP: 19/19
 13120 | D:10     | Reached skill level 5 in Shields
 13770 | D:11     | Reached skill level 11 in Armour
 13778 | D:11     | Reached ****** piety under Lugonu
 13928 | D:11     | Found a blossoming altar of Fedhas.
 14286 | D:12     | Found a staircase to the Orcish Mines.
 14319 | D:12     | Found a labyrinth entrance.
 14332 | Lab      | Entered a labyrinth
 14427 | Lab      | Found an exit through the horrors of the Abyss.
 14608 | Lab      | Noticed a minotaur
 14618 | Lab      | Killed a minotaur
 15279 | D:12     | Noticed an unseen horror
 15310 | D:12     | Killed an unseen horror
 15384 | D:12     | Noticed Azrael
 15460 | D:12     | Reached XP level 13. HP: 101/101 MP: 20/20
 15567 | D:12     | Reached skill level 12 in Armour
 15610 | D:12     | Killed Azrael
 15612 | D:12     | Got a twitching brass ring
 15622 | D:12     | Identified the ring "Mazxivo" {*Slow rElec MP+9 Stlth+} (You took it off Azrael on level 12 of the Dungeon)
 16595 | Lair:1   | Entered Level 1 of the Lair of Beasts
 17197 | Lair:1   | Found a glowing silver altar of Zin.
 17922 | Lair:2   | Reached skill level 13 in Armour
 18807 | Lair:3   | Reached XP level 14. HP: 108/108 MP: 22/22
 19509 | Lair:3   | Got a scorched tin amulet
 19521 | Lair:3   | Identified the amulet of Axtomm {RegenMP +Inv MR+ MP+9} (You found it on level 3 of the Lair of Beasts)
 19899 | Lair:4   | Reached skill level 1 in Evocations
 19938 | Lair:4   | Got a fine lapis lazuli ring
 19940 | Lair:4   | Identified the ring of Iruretud {rF- MR++ EV+4} (You found it on level 4 of the Lair of Beasts)
 19975 | Lair:4   | Noticed Kirke
 19995 | Lair:4   | Noticed a sphinx
 19998 | Lair:4   | Killed Kirke
 20031 | Lair:4   | Found a staircase to the Swamp.
 20212 | Lair:4   | Reached skill level 14 in Armour
 20272 | Lair:4   | Noticed Josephine
 20307 | Lair:4   | Killed Josephine
 20587 | Lair:4   | Found a staircase to the Snake Pit.
 21179 | Lair:5   | Found a staircase to the Slime Pits.
 21580 | Lair:6   | Entered Level 6 of the Lair of Beasts
 21711 | Lair:6   | Reached skill level 5 in Evocations
 22121 | Lair:6   | Reached XP level 15. HP: 105/113 MP: 24/24
 22330 | Lair:6   | Identified a scroll of acquirement
 23159 | Lair:6   | Reached skill level 15 in Armour
 23464 | Orc:1    | Entered Level 1 of the Orcish Mines
 23859 | Orc:1    | Noticed an orc warlord
 23883 | Orc:1    | Banished an orc warlord
 24232 | Orc:1    | Found Tafriqal's Assorted Antiques.
 24240 | Orc:1    | Bought a wand of iceblast (11) for 72 gold pieces
 24318 | Orc:2    | Entered Level 2 of the Orcish Mines
 24360 | Orc:2    | Found a dark tunnel.
 24366 | Volcano  | Entered a volcano
 24539 | Volcano  | Found a burning altar of Makhleb.
 24764 | Volcano  | Noticed a stone giant
 24765 | Volcano  | Banished a stone giant
 24810 | Orc:2    | Noticed Saint Roka
 24815 | Orc:2    | Corrupted Orc:2
 24815 | Orc:2    | Noticed a green very ugly thing
 24815 | Orc:2    | Noticed a tentacled starspawn
 24829 | Orc:2    | Killed Saint Roka
 24877 | Orc:2    | Noticed a bone dragon
 24900 | Orc:2    | Found a staircase to the Elven Halls.
 25179 | Orc:2    | Noticed an orc warlord
 25183 | Orc:2    | Noticed Maurice
 25225 | Orc:2    | Killed an orc warlord
 25253 | Orc:2    | Killed Maurice
 25796 | Orc:2    | Reached skill level 1 in Dodging
 26080 | Orc:2    | Found Henac's Antique Weapon Emporium.
 26080 | Orc:2    | Found Quodukul's Armour Boutique.
 26216 | Orc:2    | Found a roughly hewn altar of Beogh.
 26573 | Orc:2    | Found Vetz's General Store.
 26573 | Orc:2    | Found Sosyston's General Store.
 26964 | D:13     | Reached XP level 16. HP: 98/121 MP: 25/25
 27714 | D:13     | Got an encrusted flail
 27715 | D:13     | Identified the +7 flail of the Queen {protect, rN+} (You found it on level 13 of the Dungeon)
 28325 | D:14     | Found a gate to the Vaults.
 28349 | D:14     | Reached skill level 10 in Fighting
 28648 | D:14     | Noticed Louise
 28680 | D:14     | Killed Louise
 28680 | D:14     | Reached skill level 15 in Long Blades
 28806 | D:14     | Reached skill level 10 in Shields
 29383 | D:14     | Found a shattered altar of Ashenzari.
 29430 | D:15     | Entered Level 15 of the Dungeon
 29444 | D:14     | Reached skill level 16 in Armour
 29607 | D:15     | Got a spiked chain mail
 29618 | D:15     | Identified the +6 chain mail "Erghug" {Dex+3} (You found it on level 15 of the Dungeon)
 30157 | D:15     | Reached skill level 10 in Evocations
 31060 | D:15     | Reached XP level 17. HP: 129/130 MP: 26/26
 31069 | D:15     | Found a staircase to the Depths.
 31852 | Snake:1  | Entered Level 1 of the Snake Pit
 32484 | Snake:1  | Reached skill level 5 in Dodging
 34100 | Snake:2  | Noticed Asterion
 34156 | Snake:2  | Found Vacucwys's Distillery.
 34174 | Snake:2  | Bought a potion of might for 52 gold pieces
 34174 | Snake:2  | Bought a potion of heal wounds for 65 gold pieces
 34174 | Snake:2  | Bought a potion of experience for 650 gold pieces
 34174 | Snake:2  | Bought a potion of heal wounds for 65 gold pieces
 34174 | Snake:2  | Reached XP level 18. HP: 139/139 MP: 27/27
 34230 | Snake:2  | Noticed an Executioner
 34235 | Snake:2  | Killed Asterion
 35308 | Snake:2  | Found Usys's Weapon Emporium.
 35350 | Snake:2  | Found Raanisel's General Store.
 35358 | Snake:2  | Bought a potion of heal wounds for 55 gold pieces
 35614 | Snake:2  | Found Ysaby's Food Boutique.
 35649 | Snake:2  | Found Ubichaus's Antique Weapon Shoppe.
 35682 | Snake:2  | Found Saphesuc's Gadget Shop.
 35682 | Snake:2  | Found Nummyij's Jewellery Shoppe.
 35683 | Snake:2  | Found Baintael's Gadget Shop.
 35692 | Snake:2  | Bought a fan of gales for 520 gold pieces
 36046 | Snake:3  | Reached skill level 17 in Armour
 36396 | Snake:3  | Reached XP level 19. HP: 126/146 MP: 28/28
 36778 | Snake:3  | Noticed Vashnia
 36820 | Snake:3  | Killed Vashnia
 37216 | Snake:4  | Entered Level 4 of the Snake Pit
 39634 | Snake:4  | Got a serpentine rune of Zot
 39809 | Swamp:1  | Entered Level 1 of the Swamp
 40520 | Swamp:1  | Found a runed gate.
 40521 | Swamp:1  | Found a runed gate.
 40521 | Swamp:1  | Noticed Fillatzu's ghost (journeyman TrMo)
 40525 | Swamp:1  | Found a runed gate.
 40723 | Swamp:1  | Reached XP level 20. HP: 139/156 MP: 29/29
 42415 | Swamp:4  | Entered Level 4 of the Swamp
 42540 | Swamp:3  | Reached skill level 18 in Armour
 44073 | Swamp:4  | Got a decaying rune of Zot
 44086 | Swamp:4  | Got an ancient glaive
 44087 | Swamp:4  | Identified the +6 glaive "Xuigoy" {flame, *Noise rC+ Dex+5} (You found it on level 4 of the Swamp)
 44540 | Vaults:1 | Entered Level 1 of the Vaults
 45247 | Vaults:1 | Found a portal to a secret trove of treasure.
 45608 | Vaults:1 | Reached XP level 21. HP: 143/165 MP: 30/30
 45848 | Vaults:1 | Reached skill level 10 in Dodging
 46399 | Vaults:2 | Reached skill level 15 in Shields
 46874 | Vaults:2 | Noticed Frederick
 46891 | Vaults:2 | Killed Frederick
 47212 | Vaults:2 | Noticed Boris
 47215 | Vaults:2 | You fall through a shaft for 2 floors!
 47669 | Vaults:4 | Reached skill level 15 in Fighting
 47671 | Vaults:4 | Reached skill level 19 in Armour
 48323 | Vaults:3 | Reached XP level 22. HP: 125/175 MP: 31/31
 48477 | Vaults:3 | Found a staircase to the Crypt.
 48477 | Vaults:3 | Found an ancient bone altar of Kikubaaqudgha.
 48477 | Vaults:3 | Found a basalt altar of Yredelemnul.
 49266 | Vaults:2 | Killed Boris
 49710 | Vaults:2 | Noticed Mara
 49712 | Vaults:2 | Noticed dorian's illusion
 49930 | Vaults:2 | Found Heotuc's Armour Boutique.
 50340 | Vaults:2 | Found Icim's Food Emporium.
 50674 | Vaults:2 | Found Fariz's Gadget Emporium.
 50742 | Vaults:2 | Noticed dorian's illusion
 50753 | Vaults:2 | You fall through a shaft!
 51270 | Vaults:2 | Noticed dorian's illusion
 51290 | Vaults:2 | Killed Mara
 51461 | Vaults:2 | Bought a box of beasts for 340 gold pieces
 51755 | Vaults:2 | Found Vaocw's Gadget Boutique.
 51756 | Vaults:2 | Noticed Xtahua
 51772 | Vaults:2 | Killed Xtahua
 51777 | Vaults:2 | Bought a sack of spiders for 380 gold pieces
 51777 | Vaults:2 | Bought a box of beasts for 380 gold pieces
 52139 | Vaults:2 | Found Nitida's Gadget Shoppe.
 53362 | Vaults:4 | Reached XP level 23. HP: 173/185 MP: 32/32
 53373 | Vaults:4 | Reached skill level 20 in Armour
 54094 | Elf:1    | Entered Level 1 of the Elven Halls
 55736 | Elf:2    | Cast into level 2 of the Abyss (a deep elf demonologist)
 55741 | Abyss:2  | Got a warped cloak
 55742 | Abyss:2  | Identified the cursed +0 cloak of Valiance {rPois rN+ Str+3} (You found it on level 2 of the Abyss)
 55774 | Abyss:2  | Gained mutation: Scrolls take you a little longer to read. [mutagenic glow]
 55902 | Abyss:2  | Found a corrupted altar of Lugonu.
 55985 | Elf:2    | Escaped the Abyss
 56420 | Elf:2    | Found a runed gate.
 56420 | Elf:2    | Found a runed gate.
 56420 | Elf:2    | Found a runed gate.
 56574 | Elf:1    | Cast into level 3 of the Abyss (a deep elf sorcerer)
 56574 | Abyss:3  | Found a corrupted altar of Lugonu.
 56601 | Elf:1    | Escaped the Abyss
 57234 | Elf:2    | Found Eceaxidgh's General Store.
 57258 | Elf:2    | Bought a scroll of acquirement for 1040 gold pieces
 57319 | Elf:2    | Got a warped garnet amulet
 57322 | Elf:2    | Identified the amulet of Ywoenott {Faith Str+4} (You found it on level 2 of the Elven Halls)
 58823 | Elf:3    | Entered Level 3 of the Elven Halls
 58845 | Elf:3    | Reached XP level 24. HP: 176/195 MP: 32/32
 59553 | Elf:2    | Got a twitching marble ring
 59558 | Elf:2    | Identified the ring "Myapois" {+Inv MR+} (You took it off a deep elf blademaster on level 2 of the Elven Halls)
 60404 | Elf:3    | Reached skill level 21 in Armour
 60845 | Elf:3    | Got an ichor-stained falchion {distort}
 60848 | Elf:3    | Identified the +11 falchion of Uskayaw's Wrath {distort, Dex+3 SInv} (You took it off a deep elf annihilator on level 3 of the Elven Halls)
 60904 | Elf:3    | Got an ancient robe
 61110 | Elf:3    | Identified Naxor's Collected Works on the Excruciating Birds
 61148 | Elf:3    | Cast into level 2 of the Abyss (a deep elf sorcerer)
 61157 | Elf:3    | Escaped the Abyss
 61196 | Elf:3    | Found the +6 shillelagh "Devastator" {shatter}
 61642 | Depths:1 | Entered Level 1 of the Depths
 63387 | Depths:1 | Reached XP level 25. HP: 202/204 MP: 32/32
 64256 | Depths:1 | Found a gateway to Hell.
 66680 | Depths:3 | Noticed Mennas
 66688 | Depths:3 | Found a gateway to a ziggurat.
 66710 | Depths:3 | Killed Mennas
 67269 | Depths:3 | Reached skill level 15 in Dodging
 67565 | Depths:3 | Reached skill level 22 in Armour
 68064 | Depths:3 | Reached XP level 26. HP: 215/215 MP: 32/32
 68071 | Depths:3 | Found a one-way gate leading to the halls of Pandemonium.
 68776 | Depths:3 | Found a one-way gate to the infinite horrors of the Abyss.
 69706 | Depths:3 | Noticed the Enchantress
 69725 | Depths:3 | Killed the Enchantress
 71687 | Depths:5 | Entered Level 5 of the Depths
 71710 | Depths:5 | Reached XP level 27. HP: 188/224 MP: 32/32
 72606 | Depths:5 | Reached skill level 23 in Armour
 72675 | Depths:4 | Mangled by a caustic shrike

Skill      XL: |  1  2  3  4  5  6  7  8  9 10 11 12 13 14 15 16 17 18 19 20 21 22 23 24 25 26 27 |
---------------+----------------------------------------------------------------------------------+-----
Fighting       | 4 6 8 9 10 11 12 13 14 15 16 17 18 19 20 | 20.2
Armour         | 3 4 5 6 8 10 11 13 14 15 16 17 18 19 20 21 22 23 | 23.0
Long Blades    | 3 4 5 6 8 10 11 12 13 14 15 16 17 18 19 20 21 | 21.5
Throwing       | 1 |  1.4
Invocations    | 4 8 10 11 12 | 12.0
Shields        | 4 8 9 10 11 12 13 14 15 | 15.0
Evocations     | 6 8 10 | 10.0
Dodging        | 2 4 6 7 8 9 11 12 13 14 15 16 | 16.3
Stealth        | |  0.1

Action                   |  1- 3 |  4- 6 |  7- 9 | 10-12 | 13-15 | 16-18 | 19-21 | 22-24 | 25-27 || total
-------------------------+-------+-------+-------+-------+-------+-------+-------+-------+-------++-------
Melee: Falchion          |    86 |   208 |   567 |       |       |       |       |       |       ||   861
       Great sword       |       |       |    28 |    43 |       |     5 |   251 |       |       ||   327
       Long sword        |       |       |       |   895 |   629 |       |       |       |       ||  1524
       Scimitar          |       |       |       |       |   401 |       |       |       |       ||   401
       Double sword      |       |       |       |       |   813 |  1315 |  1792 |  1268 |       ||  5188
       Triple sword      |       |       |       |       |       |       |       |   606 |  1336 ||  1942
Throw: Tomahawk          |       |     6 |    30 |    45 |   130 |    36 |    14 |    24 |     2 ||   287
       Javelin           |       |       |       |       |     2 |       |     1 |       |       ||     3
Invok: Depart the Abyss  |     1 |       |       |       |       |       |       |     3 |       ||     4
       Banish            |       |       |     5 |       |     4 |       |     1 |     1 |       ||    11
       Corrupt           |       |       |       |       |     1 |       |       |       |       ||     1
       Bend Space        |       |       |       |       |       |     1 |       |       |     1 ||     2
 Abil: Dig               |       |       |     1 |     9 |    31 |    23 |    10 |    18 |    10 ||   102
       Shaft Self        |       |       |       |       |       |       |     1 |     1 |       ||     2
Evoke: Wand              |       |     4 |    10 |       |       |     2 |       |     6 |       ||    22
       Lamp of fire      |       |       |       |       |       |     1 |     2 |     3 |       ||     6
       Lightning rod     |       |       |       |       |       |       |     4 |    13 |       ||    17
       Sack of spiders   |       |       |       |       |       |       |     2 |     4 |     2 ||     8
       Fan of gales      |       |       |       |       |       |       |     1 |       |     1 ||     2
       Phial of floods   |       |       |       |       |       |       |       |     3 |       ||     3
       Box of beasts     |       |       |       |       |       |       |       |     1 |     1 ||     2
  Use: Scroll            |       |     5 |     9 |    14 |    14 |     2 |     4 |    14 |     4 ||    66
       Potion            |       |     1 |     3 |     2 |     2 |     3 |     2 |     1 |     7 ||    21
 Stab: Petrified         |       |       |       |       |       |     2 |       |       |       ||     2
       Petrifying        |       |       |       |       |       |     1 |       |       |       ||     1
       Distracted        |       |       |       |       |       |       |       |     2 |     1 ||     3
  Eat: Chunk             |     1 |     7 |    19 |    19 |    36 |    18 |    19 |    32 |    23 ||   174
       Ration            |       |       |     1 |     1 |     3 |     5 |     7 |     6 |     3 ||    26
Armor: Leather armour    |    20 |       |       |       |       |       |       |       |       ||    20
       Ring mail         |     7 |    57 |    40 |       |       |       |       |       |       ||   104
       Plate armour      |       |    48 |   305 |   343 |   100 |   227 |   132 |   370 |   366 ||  1891
       Scale mail        |       |       |       |    32 |   419 |   126 |   290 |       |       ||   867
Dodge: Dodged            |    60 |    99 |   193 |   173 |   352 |   206 |   408 |   443 |   537 ||  2471
Block: Other             |       |       |    17 |     6 |       |       |       |       |       ||    23
       Buckler           |       |       |       |   397 |   781 |   209 |       |       |       ||  1387
       Reflection        |       |       |       |    11 |    20 |    61 |   122 |   155 |    97 ||   466
       Large shield      |       |       |       |       |       |   600 |  1745 |  1647 |  1547 ||  5539
       Rpst.: Falchion   |    20 |    30 |    59 |       |       |       |       |       |       ||   109
       Great sword       |       |       |     1 |     3 |       |       |    10 |       |       ||    14
       Long sword        |       |       |       |    33 |    38 |       |       |       |       ||    71
       Scimitar          |       |       |       |       |    20 |       |       |       |       ||    20
       Double sword      |       |       |       |       |    44 |    41 |    45 |    45 |       ||   175
       Triple sword      |       |       |       |       |       |       |       |    35 |    70 ||   105
